 Dungeon Crawl Stone Soup version 0.26-a0-652-gafc20e3620 (webtiles) character file.

Game seed: 3240677423421353071

924 jasper the Insei (level 8, 0/72 HPs)
             Began as a Gnoll Transmuter on Oct 4, 2020.
             Slain by a gargoyle
             ... wielding a +0 flail
              (21 damage)
             ... on level 7 of the Dungeon.
             The game lasted 00:09:33 (5140 turns).

jasper the Insei (Gnoll Transmuter)                 Turns: 5140, Time: 00:09:34

Health: 0/72       AC:  6    Str: 13    XL:     8   Next: 10%
Magic:  13/16      EV: 13    Int: 17    God:
Gold:   41         SH:  0    Dex: 16    Spells: 1/18 levels left

rFire    x . .     SeeInvis .     - Unarmed
rCold    + + +     Faith    .   (shield currently unavailable)
rNeg     . . .     Spirit   .   (armour currently unavailable)
rPois    +         Reflect  .   (helmet currently unavailable)
rElec    .         Harm     .   (cloak currently unavailable)
rCorr    +         Rampage  .   (gloves currently unavailable)
MR       .....                  (boots currently unavailable)
Stlth    ++........             (no amulet)
HPRegen  0.22/turn              r - ring of resist corrosion
MPRegen  0.15/turn              (no ring)

@: ice-form
A: large, distributed training, strong nose
a: End Transformation


You were on level 7 of the Dungeon.
You were a creature of crystalline ice.
You visited 1 branch of the dungeon, and saw 7 of its levels.

You collected 160 gold pieces.
You spent 119 gold pieces at shops.

Inventory:

Missiles
 d - 202 stones
 e - 137 arrows
 f - 31 poisoned darts (quivered)
 g - 17 bolts
Armour
 a - a +0 robe
 b - a +0 pair of boots (melded)
 k - a +0 leather armour (melded)
 t - a +0 cloak (melded)
Jewellery
 r - a ring of resist corrosion (left front paw)
Wands
 x - a wand of iceblast (3)
Scrolls
 c - a scroll of blinking
 h - a scroll of random uselessness
 j - 2 scrolls of immolation
 l - 3 scrolls of remove curse
 o - 2 scrolls of teleportation
 s - 2 scrolls of magic mapping {unknown}
 v - a scroll of fog {unknown}
 y - a scroll of amnesia {unknown}
Potions
 i - 2 potions of heal wounds
 m - 3 potions of flight
 n - a potion of might
 p - 2 potions of mutation {unknown}
 q - a potion of stabbing {unknown}
 u - 2 potions of brilliance {unknown}
 w - a potion of ambrosia {unknown}


   Skills:
 + Level 4.0 Fighting
 + Level 3.0 Short Blades
 + Level 3.0 Long Blades
 + Level 3.0 Axes
 + Level 3.0 Maces & Flails
 + Level 3.0 Polearms
 + Level 3.0 Staves
 + Level 3.0 Slings
 + Level 3.0 Bows
 + Level 3.0 Crossbows
 + Level 3.0 Throwing
 + Level 3.0 Armour
 + Level 5.5 Dodging
 + Level 3.0 Stealth
 + Level 3.0 Shields
 + Level 7.2 Unarmed Combat
 + Level 5.8 Spellcasting
 + Level 2.4 Conjurations
 + Level 2.4 Hexes
 + Level 2.4 Summonings
 + Level 2.4 Necromancy
 + Level 2.4 Translocations
 + Level 4.5 Transmutations
 + Level 2.4 Fire Magic
 + Level 2.4 Ice Magic
 + Level 2.4 Air Magic
 + Level 2.4 Earth Magic
 + Level 2.4 Poison Magic
 + Level 3.2 Invocations
 + Level 3.0 Evocations


You had one spell level left.
You knew the following spells:

 Your Spells              Type           Power        Failure   Level
a - Beastly Appendage     Tmut           ###...       1%          1
b - Spider Form           Tmut/Pois      ###.......   10%         3
c - Wereblood             Tmut           ###.....     3%          2
d - Ice Form              Ice/Tmut       ###.....     30%         4
e - Blade Hands           Tmut           ###.......   50%         5
f - Ensorcelled Hibernat  Hex/Ice        ##....       8%          2

Your spell library contained the following spells:

 Spells                   Type           Power        Failure   Level
 Corona                   Hex            ##.....      4%          1
 Confusing Touch          Hex            ##......     14%         3
 Dazzling Flash           Conj/Hex       ##....       14%         3
 Tukima's Dance           Hex            ##......     14%         3


Dungeon Overview and Level Annotations

Branches:
Dungeon (7/15)
 Temple: D:4-7

Altars:
Trog

Shops:
D:4 *   D:7 *

Annotations:
D:2 Natasha
D:3 Grinder, Terence


Innate Abilities, Weirdness & Mutations

Your experience applies equally to all skills.
((You have very sharp teeth.))
Your uncanny sense of smell can sniff out nearby items.


Message History

Your +0 leather armour melds into your body.
You start resting.
A gargoyle is nearby!
The gargoyle hits you with a +0 flail!
You completely miss the gargoyle.
The gargoyle is lightly damaged.
The gargoyle hits you with a +0 flail!!
You hit the gargoyle but do no damage.
The gargoyle is lightly damaged.
The gargoyle misses you.
You hit the gargoyle. You freeze the gargoyle.
The gargoyle is moderately damaged.
You hit the gargoyle but do no damage.
The gargoyle is moderately damaged.
The gargoyle hits you with a +0 flail!
* * * LOW HITPOINT WARNING * * *
You hit the gargoyle but do no damage.
The gargoyle is moderately damaged.
The gargoyle hits you with a +0 flail!!
You die...

### #.########
#........#
###.....##
##....9Y.##
#...P..#..##
#..♣P..##..##
##....####..##
#...## ##).##
§........##
##†)##
§......###
##..## ##..#..
##..## #......
##..##


You could see a gargoyle.

Vanquished Creatures
  2 ogres
  A centaur (D:6)
  Blork the orc (D:5)
  A bullfrog (D:6)
  A bullfrog zombie (D:6)
  A hound (D:4)
  A jelly (D:6)
  2 bullfrog skeletons
  3 orc wizards
  A centaur skeleton (D:6)
  5 worker ants
  4 gnolls (D:7)
  3 adders
  A shadow imp (D:6)
  A white imp (D:6)
  2 oozes (D:2)
  3 worms (D:4)
  2 dart slugs
  3 leopard geckos (D:1)
  4 orcs
  3 giant cockroaches
  5 goblins
  3 hobgoblins
  12 jackals
  2 bats (D:2)
  4 frilled lizards
  9 kobolds
  10 rats
90 creatures vanquished.

Notes
Turn   | Place    | Note
-------+----------+-------------------------------------------
     0 | D:1      | jasper the Gnoll Transmuter began the quest for the Orb.
     0 | D:1      | Reached XP level 1. HP: 17/17 MP: 6/6
   278 | D:1      | Reached XP level 2. HP: 23/23 MP: 5/7
   756 | D:1      | Reached XP level 3. HP: 28/28 MP: 9/9
  1070 | D:2      | Learned a level 3 spell: Spider Form
  1074 | D:2      | Learned a level 2 spell: Wereblood
  1075 | D:2      | Reached skill level 5 in Spellcasting
  1324 | D:2      | Reached skill level 1 in Invocations
  1421 | D:2      | Noticed Natasha
  1682 | D:2      | Reached skill level 1 in Short Blades
  1682 | D:2      | Reached skill level 1 in Long Blades
  1682 | D:2      | Reached skill level 1 in Axes
  1682 | D:2      | Reached skill level 1 in Maces & Flails
  1682 | D:2      | Reached skill level 1 in Polearms
  1682 | D:2      | Reached skill level 1 in Staves
  1682 | D:2      | Reached skill level 1 in Slings
  1682 | D:2      | Reached skill level 1 in Bows
  1682 | D:2      | Reached skill level 1 in Crossbows
  1682 | D:2      | Reached skill level 1 in Throwing
  1682 | D:2      | Reached skill level 1 in Armour
  1682 | D:2      | Reached skill level 1 in Stealth
  1682 | D:2      | Reached skill level 1 in Shields
  1682 | D:2      | Reached skill level 1 in Evocations
  1892 | D:2      | Reached XP level 4. HP: 33/34 MP: 11/11
  1934 | D:3      | Noticed Grinder
  1968 | D:3      | Noticed Terence
  1971 | D:4      | Found Ageigh's General Store.
  1971 | D:4      | Noticed a phantom
  2007 | D:4      | Bought a scroll of identify for 22 gold pieces
  2007 | D:4      | Bought a +0 pair of boots for 49 gold pieces
  2048 | D:3      | HP: 1/34 [phantom (9)]
  2679 | D:4      | Reached skill level 1 in Conjurations
  2679 | D:4      | Reached skill level 1 in Hexes
  2679 | D:4      | Reached skill level 1 in Summonings
  2679 | D:4      | Reached skill level 1 in Necromancy
  2679 | D:4      | Reached skill level 1 in Translocations
  2679 | D:4      | Reached skill level 1 in Fire Magic
  2679 | D:4      | Reached skill level 1 in Ice Magic
  2679 | D:4      | Reached skill level 1 in Air Magic
  2679 | D:4      | Reached skill level 1 in Earth Magic
  2679 | D:4      | Reached skill level 1 in Poison Magic
  2727 | D:4      | Reached XP level 5. HP: 36/40 MP: 10/12
  2856 | D:4      | Noticed a moth of wrath
  2859 | D:4      | Found a bloodstained altar of Trog.
  3153 | D:4      | Reached XP level 6. HP: 39/47 MP: 11/13
  3224 | D:5      | Entered Level 5 of the Dungeon
  3405 | D:5      | Noticed Blork the orc
  3418 | D:5      | Killed Blork the orc
  3418 | D:5      | Reached skill level 5 in Dodging
  4110 | D:5      | Reached XP level 7. HP: 43/52 MP: 8/15
  4161 | D:5      | Learned a level 4 spell: Ice Form
  4167 | D:5      | Learned a level 5 spell: Blade Hands
  4213 | D:6      | Reached skill level 7 in Unarmed Combat
  4608 | D:6      | Learned a level 2 spell: Ensorcelled Hibernation
  4932 | D:6      | Reached XP level 8. HP: 59/60 MP: 16/16
  4998 | D:7      | Found Fidghyum's General Store.
  5003 | D:7      | Bought a scroll of identify for 24 gold pieces
  5003 | D:7      | Bought a scroll of identify for 24 gold pieces
  5123 | D:7      | Noticed a gargoyle
  5140 | D:7      | Slain by a gargoyle

Illustrated notes

Levels and vault maps discovered:
D:1:      lightli_iron_boxes, layout_loops_ring, minmay_pentomino_p4
D:2:      layout_basic, uniq_natasha
D:3:      layout_rooms, nicolae_overflow_crystal_walls,
          gammafunk_temple_overflow_elements, nemelex_diamond_rough_becter,
          uniq_terence, uniq_crazy_yiuf_cottage, uniq_grinder, uniq_sigmund
D:4:      minmay_recursive_quarters, layout_basic,
          minmay_temple_entry_sparse_star, serial_shops, shop, tgw_trog
D:5:      layout_loops_ring, uniq_blork_the_orc
D:6:      layout_basic
D:7:      layout_cave_pods, grunt_temple_overflow_open, serial_park,
          serial_park_tiny_1, serial_park_square2, serial_park_square2,
          serial_park_paths [serial_park_minivault_5x5_4], serial_shops,
          nicolae_shop_trees, enter_bailey_3, grunt_dithmenos_smoke

Skill      XL: |  1  2  3  4  5  6  7  8 |
---------------+-------------------------+-----
Spellcasting   | 5 |  5.8
Invocations    | 1 2 3 |  3.2
Short Blades   | 1 2 3 |  3.0
Long Blades    | 1 2 3 |  3.0
Axes           | 1 2 3 |  3.0
Maces & Flails | 1 2 3 |  3.0
Polearms       | 1 2 3 |  3.0
Staves         | 1 2 3 |  3.0
Slings         | 1 2 3 |  3.0
Bows           | 1 2 3 |  3.0
Crossbows      | 1 2 3 |  3.0
Throwing       | 1 2 3 |  3.0
Armour         | 1 2 3 |  3.0
Stealth        | 1 2 3 |  3.0
Shields        | 1 2 3 |  3.0
Evocations     | 1 2 3 |  3.0
Conjurations   | 1 2 |  2.4
Hexes          | 1 2 |  2.4
Summonings     | 1 2 |  2.4
Necromancy     | 1 2 |  2.4
Translocations | 1 2 |  2.4
Fire Magic     | 1 2 |  2.4
Ice Magic      | 1 2 |  2.4
Air Magic      | 1 2 |  2.4
Earth Magic    | 1 2 |  2.4
Poison Magic   | 1 2 |  2.4
Fighting       | 3 4 |  4.0
Transmutations | 4 |  4.5
Dodging        | 5 |  5.5
Unarmed Combat | 7 |  7.2

Action                   |  1- 3 |  4- 6 |  7- 9 || total
-------------------------+-------+-------+-------++-------
Melee: Unarmed           |    54 |    96 |    91 ||   241
       Kick              |     2 |     2 |     1 ||     5
       Headbutt          |     3 |     2 |     2 ||     7
       Bite              |     3 |     3 |     6 ||    12
       Punch             |       |       |     1 ||     1
Throw: Stone             |     6 |    20 |       ||    26
       Dart              |    76 |    22 |     7 ||   105
 Cast: Beastly Appendage |     8 |     3 |     1 ||    12
       Spider Form       |       |     8 |     8 ||    16
       Wereblood         |       |     1 |       ||     1
       Ice Form          |       |       |     1 ||     1
Evoke: Wand              |       |       |     1 ||     1
  Use: Scroll            |       |     5 |     4 ||     9
       Potion            |       |     1 |       ||     1
 Stab: Sleeping          |       |     1 |       ||     1
Armor: Robe              |     3 |       |       ||     3
       Leather armour    |     5 |     8 |     8 ||    21
       Skin              |       |       |     2 ||     2
Dodge: Dodged            |    39 |    70 |    80 ||   189

Table legend: (Time is in decaauts)
 A = Elapsed time spent in this place.
 B = Non-inter-level travel time spent in this place.
 C = Inter-level travel time spent in this place.
 D = Time resting spent in this place.
 E = Time spent auto-exploring this place.
 F = Levels seen in this place.
 G = Mean time per level.
                   A        B        C        D        E       F      G
               +--------+--------+--------+--------+--------+-----+--------+
         Total |   5110 |   4954 |    156 |    692 |   3401 |   7 |  730.0 |
       Dungeon |   5110 |   4954 |    156 |    692 |   3401 |   7 |  730.0 |
               +--------+--------+--------+--------+--------+-----+--------+

Top non-repeatable levels by time:
     D:2: 1365 daAuts
     D:1: 975 daAuts
     D:5: 941 daAuts
     D:6: 818 daAuts
     D:4: 814 daAuts
     D:7: 139 daAuts
     D:3: 55 daAuts
